 Dungeon Crawl Stone Soup version 0.26-a0-651-gb41185065b (webtiles) character file.

Game seed: 1338877115860922112

(classic levelgen) 17 EnegeticOcto the Covered (level 2, 24/27 HPs)
             Began as a Deep Dwarf Fighter on Oct 7, 2020.
             Quit the game on level 2 of the Dungeon.
             The game lasted 00:00:15 (175 turns).

EnegeticOcto the Covered (Deep Dwarf Fighter)        Turns: 175, Time: 00:00:16

Health: 24/27      AC:  6    Str: 19    XL:     2   Next: 44%
Magic:  11/11 (2)  EV:  7    Int:  8    God:
Gold:   17         SH:  9    Dex: 12    Spells: 1/1 levels left

rFire    . . .     SeeInvis .   a - +0 war axe
rCold    . . .     Faith    .   c - +0 kite shield
rNeg     . . .     Spirit   .   b - +0 scale mail
rPois    .         Reflect  .   (no helmet)
rElec    .         Harm     .   (no cloak)
rCorr    .         Rampage  .   (no gloves)
MR       .....                  (no boots)
Stlth    ..........             (no amulet)
HPRegen  0.00/turn              e - ring of magical power
MPRegen  0.12/turn              (no ring)

@: non-regenerating
A: damage resistance, heal wounds, sense surroundings 1, no regeneration
a: Heal Wounds


You were on level 2 of the Dungeon.
You visited 1 branch of the dungeon, and saw 2 of its levels.

You collected 17 gold pieces.

Inventory:

Hand Weapons
 a - a +0 war axe (weapon)
Armour
 b - a +0 scale mail (worn)
 c - a +0 kite shield (worn)
Jewellery
 e - a ring of magical power (left hand)
Potions
 d - a potion of might {@q3}


   Skills:
 + Level 2.9 Fighting
 * Level 2.7 Axes
 + Level 3.5 Armour
 + Level 3.5 Shields


You had one spell level left.
You didn't know any spells.
Your spell library was empty.

Dungeon Overview and Level Annotations

Branches:
Dungeon (2/15)

Altars:


Innate Abilities, Weirdness & Mutations

You are resistant to damage.
You can heal yourself by infusing magical energy.
You passively map a small area around you.
You do not regenerate.


Message History

No target in view!
No target in view!
No target in view!
No target in view!
No target in view!
No target in view!
No target in view!
(D) Dungeon
Where to? (? - help)
There is a stone staircase leading down here.
You climb downwards.
A quokka comes into view.
Found 17 arrows.
There is a stone staircase leading up here.
You feel your magic capacity increase.
e - a ring of magical power (left hand)
A rat comes into view.
Found a whip.
Found a stone staircase leading up.
The quokka barely misses you.
You barely miss the quokka. You block the quokka's attack.
You miss the quokka.
The quokka bites you but does no damage.
The quokka bites you.
You hit the quokka.
The quokka is heavily wounded.
You slash the rat!
You kill the rat!
The quokka bites you but does no damage.
The quokka barely misses you.
You closely miss the quokka.
The quokka is heavily wounded.
The quokka barely misses you.
You slash the quokka!
You kill the quokka!
No target in view!
No target in view!
No target in view!
No target in view!
No target in view!
No target in view!
No target in view!
No target in view!
No target in view!
No target in view!
No target in view!
No target in view!
No target in view!
No target in view!
No target in view!
A bat comes into view.
The bat moves out of view.
Magic restored.
A hobgoblin comes into view. It is wielding a +0 club.
The hobgoblin shouts!
You hear a shout!
A hobgoblin is nearby!
A hobgoblin is nearby!
A hobgoblin is nearby!
A hobgoblin is nearby!
A kobold comes into view. It is wielding a +0 dagger.
A hobgoblin comes into view.
The hobgoblin barely misses you.
You barely miss the hobgoblin. You closely miss the bat.
The hobgoblin shouts!
The bat hits you but does no damage.
The hobgoblin hits you but does no damage.
You block the hobgoblin's attack.
You hit the hobgoblin but do no damage. The bat hits you but does no damage.
The hobgoblin hits you with a +0 club.
You slash the hobgoblin!
You kill the hobgoblin!
The bat hits you. You block the bat's attack.
The kobold hits you with a +0 dagger.
A kobold comes into view.
The kobold shouts!
You slash the bat!
You kill the bat!
You closely miss the kobold.
The kobold throws a stone.
The stone hits you but does no damage. The kobold hits you with a +0 dagger.
You closely miss the kobold. You hit the hobgoblin.
The kobold throws a stone.
The stone hits you but does no damage. You block the kobold's attack.
The hobgoblin hits you.
The kobold throws a stone.
You block the stone. The kobold hits you but does no damage.
The hobgoblin hits you but does no damage.
You slash the hobgoblin!
You kill the hobgoblin!
You hit the kobold.
You kill the kobold!
The kobold throws a stone.
You block the stone.
Things that are here:
a +0 club; a hobgoblin corpse You slash the kobold!
You kill the kobold!
No target in view!
No target in view!
No target in view!
No target in view!
No target in view!
No target in view!
No target in view!
Are you sure you want to abandon this character and quit the game? (Confirm with "yes".)

* , * #.# ... ##.##..#
. , ,, ##...#..#.. #
#.......... * *
#.##.......... *
###.#...........
*,....<...)....... ,*
#.#...@†...... * #
#.##)......... *
.#..#####.(().........
, ,
#......<..†.†........#
#..........#.........#
#.##.####.†........#.#
*,#. #.............. ,
..** ##...######.#. *
, ..** #..## .# * *


There were no monsters in sight!

Vanquished Creatures
  A bat (D:2)
  2 giant cockroaches (D:1)
  3 hobgoblins
  4 kobolds
  A quokka (D:2)
  A ball python (D:1)
  A frilled lizard (D:1)
  3 rats
16 creatures vanquished.

Notes
Turn   | Place    | Note
-------+----------+-------------------------------------------
     0 | D:1      | EnegeticOcto the Deep Dwarf Fighter began the quest for the
                  | Orb.
     0 | D:1      | Reached XP level 1. HP: 20/20 MP: 1/1
    54 | D:1      | Reached XP level 2. HP: 27/27 MP: 2/2
   175 | D:2      | Quit the game

Illustrated notes

Levels and vault maps discovered:
D:1:      dpeg_arrival_solitude, layout_basic
D:2:      layout_loops_ring, lemuel_doored_altar, ashenzari_conservatory_becter,
          st_stairs_5

Action                   || total
-------------------------++-------
Melee: War axe           ||    31
Armor: Scale mail        ||    25
Dodge: Dodged            ||    14
Block: Kite shield       ||    18

Table legend: (Time is in decaauts)
 A = Elapsed time spent in this place.
 B = Non-inter-level travel time spent in this place.
 C = Inter-level travel time spent in this place.
 D = Time resting spent in this place.
 E = Time spent auto-exploring this place.
 F = Levels seen in this place.
 G = Mean time per level.
                   A        B        C        D        E       F      G
               +--------+--------+--------+--------+--------+-----+--------+
         Total |    189 |    186 |      3 |      0 |     93 |   2 |   94.5 |
       Dungeon |    189 |    186 |      3 |      0 |     93 |   2 |   94.5 |
               +--------+--------+--------+--------+--------+-----+--------+

Top non-repeatable levels by time:
     D:1: 95 daAuts
     D:2: 93 daAuts
